 Dungeon Crawl Stone Soup version 0.29.1-2-gbd0b4ee654 (webtiles) character file.

Game seed: 11299682862954849332

178 Tirrikindir the Trooper (level 5, -2/38 HPs)
             Began as an Octopode Fighter on Oct 23, 2022.
             Was a Believer of Dithmenos.
             Splashed by a jelly's acid (5 damage)
             ... on level 4 of the Dungeon.
             The game lasted 00:05:50 (2695 turns).

Tirrikindir the Trooper (Octopode Fighter)          Turns: 2695, Time: 00:05:51

Health: -2/38      AC: -11   Str: 21    XL:     5   Next: 58%
Magic:  5/5        EV: 13    Int: 11    God:    Dithmenos [**....]
Gold:   207        SH:  5    Dex: 13    Spells: 4/4 levels left

rFire   . . .      SeeInvis +   h - staff of cold
rCold   + . .      Faith    .   b - +0 buckler
rNeg    . . .      Spirit   .   (helmet restricted)
rPois   .          Reflect  .   (no amulet)
rElec   .          Harm     .   j - ring of see invisible
rCorr   .          Rampage  .   o - +6 ring of strength
Will    .....                   (no ring)
Stlth   ++++......              (no ring)
HPRegen 0.12/turn               (no ring)
MPRegen 0.09/turn               (no ring)
                                (no ring)
                                (no ring)

@: corroded, wreathed by umbra
A: almost no armour, amphibious, 8 rings, camouflage 1, gelatinous body 1,
(nimble swimmer 1), tentacles
a: Renounce Religion, Shadow Step


You were on level 4 of the Dungeon.
You worshipped Dithmenos.
Dithmenos was pleased with you.
You visited 1 branch of the dungeon, and saw 4 of its levels.

You collected 207 gold pieces.

Inventory:

Hand Weapons
 a - a +0 flail
Missiles
 m - 3 poisoned darts (quivered)
Armour
 b - a +0 buckler (worn)
Magical Staves
 h - a staff of cold (weapon)
Jewellery
 j - a ring of see invisible (left tentacle)
 o - a +6 ring of strength (right tentacle)
Wands
 n - a wand of flame (17)
Scrolls
 k - a scroll of vulnerability {unknown}
 l - 2 scrolls of teleportation {unknown}
Potions
 c - 3 potions of might
 d - a potion of lignification
 e - a potion of berserk rage
 f - a potion of curing
 g - 3 potions of haste
 i - a potion of resistance {unknown}


   Skills:
 * Level 4.3 Fighting
 - Level 2.0 Maces & Flails
 + Level 0.4(1.3) Staves
 + Level 0.3 Throwing
 + Level 3.6 Dodging
 + Level 2.6 Stealth
 + Level 3.6 Shields
 + Level 0.3 Spellcasting
 + Level 0.3 Ice Magic
 + Level 0.5 Invocations
 + Level 0.8 Evocations


You had 4 spell levels left.
You didn't know any spells.
Your spell library contained the following spells:

 Spells                   Type           Power      Damage    Failure   Level
 Summon Forest            Summ/Tloc      0%         N/A       100%        5
 Eringya's Noxious Bog    Tmut/Pois      0%         N/A       100%        6
 Summon Hydra             Summ           0%         N/A       100%        7


Dungeon Overview and Level Annotations

Branches:
Dungeon (4/15)
 Temple: D:4-7

Altars:
Dithmenos
Hepliaklqana

Shops:
D:1 (

Annotations:
D:3 3 runed translucent doors, safid's ghost, amateur MiHu


Innate Abilities, Weirdness & Mutations

You cannot wear most types of armour.
You are amphibious.
You can wear up to eight rings at the same time.
Your skin changes colour to match your surroundings (Stealth+).
Your rubbery body absorbs attacks. (AC +1, EV +1)
((You are camouflaged when in or above water. (Stealth+)))
You have tentacles for arms and can constrict up to eight enemies at once.


Message History

The giant cockroach waves its antennae.
The hound stops to sniff the ground.
The hound stops to sniff the ground.
The hound pauses to sniff the ground.
(D) Dungeon
Where to? (* - list waypoints, Enter - D:2 @ (x,y), ? - help)
The giant cockroach waves its antennae.
There is a stone staircase leading up here.
You climb upwards.
There is a stone staircase leading down here.
You climb downwards.
Level annotation: 3 runed translucent doors, safid's ghost, amateur MiHu
There is a stone staircase leading up here.
(D) Dungeon
Where to? (* - list waypoints, Enter - D:2, ? - help)
The giant cockroach waves its antennae.
There is a stone staircase leading down here.
You climb downwards.
Found 4 large rocks.
There is a stone staircase leading up here.
A jelly is nearby!
The helpless jelly fails to defend itself.
You hit the jelly. The acid corrodes you!
Your tentacles burn!
You squeeze the jelly.
The jelly is heavily wounded.
The jelly hits you.
You are splashed with acid!
You hit the jelly.
Your tentacles burn!
You squeeze the jelly.
The jelly is severely wounded.
The jelly hits you. The acid corrodes you!
You are splashed with acid!
You hit the jelly but do no damage.
Your tentacles burn!
* * * LOW HITPOINT WARNING * * *
The jelly is severely wounded.
The jelly hits you.
* * * LOW HITPOINT WARNING * * *
The acid corrodes you!
You are splashed with acid!
* * * LOW HITPOINT WARNING * * *
Okay, then.
Okay, then.
You hit the jelly but do no damage.
Your tentacles burn!
You die...

.##########
.....(.<@J#
########.##
..# .### ..
.. #.# ..


You could see a jelly.

Vanquished Creatures
  Jessica (D:2)
  An orc wizard (D:3)
  Robin (D:2)
  A gnoll (D:3)
  4 adders
  A worm (D:3)
  2 dart slugs (D:1)
  3 orcs (D:3)
  4 bats
  5 endoplasms
  3 giant cockroaches
  10 goblins
  7 hobgoblins
  4 kobolds
  2 quokkas
  3 ball pythons
  3 frilled lizards (D:3)
  8 rats
63 creatures vanquished.

Notes
Turn   | Place    | Note
-------+----------+-------------------------------------------
     0 | D:1      | Tirrikindir the Octopode Fighter began the quest for the
                  | Orb.
     0 | D:1      | Reached XP level 1. HP: 16/16 MP: 1/1
    98 | D:1      | Reached XP level 2. HP: 19/21 MP: 2/2
   156 | D:1      | Reached skill level 1 in Stealth
   612 | D:1      | Reached XP level 3. HP: 7/26 MP: 3/3
   874 | D:1      | Found Judgh's Antique Weapon Boutique.
  1068 | D:2      | Found a hazy altar of Hepliaklqana.
  1075 | D:2      | Noticed Robin
  1262 | D:2      | Identified the +0 robe "Oryu" {rC+++ Dex-4 Slay+4}
  1520 | D:2      | Killed Robin
  1521 | D:2      | Reached XP level 4. HP: 23/33 MP: 4/4
  1725 | D:2      | Found a faded altar of an unknown god.
  1725 | D:2      | Noticed Jessica
  1730 | D:2      | Killed Jessica
  1731 | D:2      | Reached skill level 4 in Fighting
  1734 | D:2      | Prayed at the altar of an unknown god.
  1734 | D:2      | Became a worshipper of Dithmenos the Shadowed
  1734 | D:2      | Reached * piety under Dithmenos
  1787 | D:3      | Noticed safid's ghost (amateur MiHu)
  1798 | D:3      | Found a runed translucent gate.
  1799 | D:3      | Found a runed translucent gate.
  2017 | D:3      | Reached XP level 5. HP: 37/37 MP: 5/5
  2111 | D:3      | Reached ** piety under Dithmenos
  2111 | D:3      | HP: 1/37 [orc/+0 club (3)]
  2420 | D:3      | Found a runed translucent gate.
  2695 | D:4      | Splashed by a jelly's acid

Illustrated notes

Levels and vault maps discovered:
D:1:      roderic_octagonal_star, layout_rooms, serial_shops,
          nicolae_diamond_shop
D:2:      layout_rooms, ebering_ecumenical_altar_abandoned, basic_altar,
          uniq_jessica, uniq_robin
D:3:      layout_rooms, gammafunk_ghost_split, minmay_between
D:4:      layout_basic, uniq_natasha

Skill      XL: |  1  2  3  4 |
---------------+-------------+-----
Stealth        | 1 2 |  2.6
Fighting       | 4 |  4.3
Maces & Flails | |  2.0
Staves         | |  0.4
Throwing       | |  0.3
Dodging        | |  3.6
Shields        | |  3.6
Spellcasting   | |  0.3
Ice Magic      | |  0.3
Invocations    | |  0.5
Evocations     | |  0.8

Action                   |  1- 3 |  4- 6 || total
-------------------------+-------+-------++-------
Melee: Flail             |    59 |     4 ||    63
       Constrict         |    17 |    19 ||    36
       Tentacles         |    11 |    10 ||    21
       Punch             |     2 |     2 ||     4
       Staff             |       |    57 ||    57
  Use: Scroll            |     3 |     1 ||     4
       Potion            |       |     3 ||     3
 Stab: Sleeping          |     5 |     6 ||    11
Armor: Skin              |     5 |     2 ||     7
Dodge: Dodged            |    34 |    35 ||    69
Block: Buckler           |    10 |    12 ||    22
